 Dungeon Crawl Stone Soup version 0.27-a0-1278-g6cbc8dfb29 (webtiles) character file.

Game seed: 17156744439547061178

104 dickylongcocking the Magician (level 5, -7/33 HPs)
             Began as a Djinni Fire Elementalist on June 13, 2021.
             Was a Believer of Hepliaklqana.
             Mangled by a wight (8 damage)
             ... on level 4 of the Dungeon.
             The game lasted 00:02:49 (4323 turns).

dickylongcocking the Magician (DjFE)                Turns: 4323, Time: 00:02:49

Health: -7/33      AC:  3    Str:  8    XL:     5   Next: 7%
Gold:   116        EV: 13    Int: 16    God:    Hepliaklqana [**....] SH:  0 Dex: 14

rFire    + + .     SeeInvis .   j - +2 dagger (drain)
rCold    x . .     Faith    .   (no shield)
rNeg     . . .     Spirit   .   a - +0 robe
rPois    ∞         Reflect  .   (no helmet)
rElec    .         Harm     .   (no cloak)
rCorr    .         Rampage  .   m - +0 pair of gloves
Will     .....                  (boots unavailable)
Stlth    ++........             (no amulet)
HPRegen  0.11/turn              (no ring)
MPRegen  0.00/turn              (no ring)

@: flying
A: reduced essence, sickness immunity, fire resistance 2, cold vulnerability 1,
float, innate caster, hp casting, extra vitality 1
a: Renounce Religion, Recall Ancestor, Ancestor Identity


You were on level 4 of the Dungeon.
You worshipped Hepliaklqana.
Hepliaklqana was pleased with you.
You visited 1 branch of the dungeon, and saw 4 of its levels.

You collected 116 gold pieces.

Inventory:

Hand Weapons
 d - a +0 short sword
 f - a +0 long sword
 j - a +2 dagger of draining (weapon)
Missiles
 n - a throwing net
Armour
 a - a +0 robe (worn)
 m - a +0 pair of gloves (worn)
Scrolls
 c - a scroll of amnesia {unknown}
 l - a scroll of noise {unknown}
 o - a scroll of immolation {unknown}
Potions
 b - a potion of curing {unknown}
 e - a potion of berserk rage {unknown}
 g - a potion of lignification
 h - 2 potions of attraction {unknown}
 i - a potion of cancellation {unknown}
 k - a potion of might {unknown}


   Skills:
 * Level 1.2 Fighting
 - Level 0.8 Short Blades
 - Level 0.1(0.4) Long Blades
 - Level 2.9 Dodging
 - Level 1.9 Stealth
 * Level 3.4 Spellcasting


You couldn't memorise any spells.
You knew the following spells:

 Your Spells              Type           Power      Damage    Failure   Level
a - Foxfire               Conj/Fire      52%        2x1d6     4%          1
b - Conjure Flame         Conj/Fire      13%        6-21      13%         3
c - Inner Flame           Hex/Fire       13%        N/A       13%         3
d - Sticky Flame          Conj/Fire      13%        2d4       41%         4
e - Fireball              Conj/Fire      6%         3d5       77%         5
f - Corona                Hex            14%        N/A       4%          1
g - Corpse Rot            Necr/Air       N/A        N/A       7%          2
Your spell library was empty.

Dungeon Overview and Level Annotations

Branches:
Dungeon (4/15)
 Temple: D:4-7

Altars:
Gozag
Hepliaklqana
Kikubaaqudgha
Sif Muna
Vehumet

Shops:
D:2 ?   D:3 *


Innate Abilities, Weirdness & Mutations

Your life essence is reduced to manifest your ancestor. (-10% HP)
You are immune to sickness and miasma.
You are immune to poison.
Your flesh is very heat resistant. (rF++)
You are vulnerable to cold. (rC-)
You float through the air rather than walking.
You learn spells naturally, not from books.
Your magical power is your life essence.
You have superior vitality. (+4 HP)


Message History

You conjure some foxfire!
Unknown command.
Unknown command.
Your foxfire dissipates!
The foxfire hits the orc warrior but does no damage.
The orc warrior is heavily wounded.
Casting: Foxfire (safe; 4% risk of failure)
Confirm with . or Enter, or press ? or * to list all spells.
You conjure some foxfire!
Unknown command.
The foxfire hits the orc warrior but does no damage.
The orc warrior is heavily wounded.
The foxfire hits the orc warrior but does no damage.
The orc warrior is heavily wounded.
Found 16 sling bullets and 23 stones.
You see here 13 stones.
Casting: Foxfire (safe; 4% risk of failure)
Confirm with . or Enter, or press ? or * to list all spells.
Okay, then.
Press: ? - help, v - describe, . - travel
Here: an orc warrior, wielding a +0 war axe and wearing a +0 plate armour (heavily wounded)
The floor.
Unknown command.
Casting: Foxfire (safe; 4% risk of failure)
Confirm with . or Enter, or press ? or * to list all spells.
Okay, then.
You aren't carrying any pieces of jewellery.
Unknown command.
A wight comes into view. It is wielding a +3 flail.
The wight moves out of view.
A hobgoblin and 2 wights come into view.
A wight is wielding a +4 battleaxe of freezing.
A wight comes into view. It is wielding a +5 trident.
A wight comes into view. It is wielding a +0 dagger.
The wight hits you with a +3 flail! The wight barely misses you.
The wight hits you with a +3 flail!!
Ouch! That really hurt!
* * * LOW HITPOINT WARNING * * *
The wight barely misses you. The wight hits you with a +0 hand axe!
You die...

.g. #.. ######.... #..
#......... ######..
#.......#####.......
###........z..........
.....................
#########....z...#
.........
....(.....zz.....#
#.......
####...#o.@z....#
###.##'#
####...#####+##.#
#.##.#
......(........#
#.##.#
#########......#
#.##.# #..(...# #.##.#
#......# #.##.#
#####..# ###.##.# #..#
#....#.. #..# #....#..


You could see an orc warrior and 5 wights.

Vanquished Creatures
  3 adders
  3 endoplasms
  4 giant cockroaches
  2 goblins (D:1)
  3 jackals (D:2)
  3 quokkas (D:1)
  A ball python (D:1)
  9 bats (D:1)
  4 frilled lizards
  3 kobolds
  5 rats
40 creatures vanquished.

Vanquished Creatures (collateral kills)
  2 adders
  A worm (D:2)
  A bat (D:3)
  An endoplasm (D:4)
  A giant cockroach (D:1)
  A goblin (D:1)
  A hobgoblin (D:1)
  A jackal (D:2)
  2 quokkas (D:2)
  2 ball pythons
  2 frilled lizards
  A rat (D:1)
16 creatures vanquished.

Vanquished Creatures (others)
  A battlemage (D:4)
  2 ancestors
  106 foxfires
109 creatures vanquished.

Grand Total: 165 creatures vanquished

Notes
Turn   | Place    | Note
-------+----------+-------------------------------------------
     0 | D:1      | dickylongcocking the Djinni Fire Elementalist began the
                  | quest for the Orb.
     0 | D:1      | Reached XP level 1. HP: 15/15 MP: 0/0
   173 | D:1      | Found a faded altar of an unknown god.
   242 | D:1      | Became a worshipper of Hepliaklqana the Forgotten
   242 | D:1      | Reached * piety under Hepliaklqana
   611 | D:1      | Reached XP level 2. HP: 15/18 MP: 0/0
  1330 | D:1      | Reached XP level 3. HP: 17/22 MP: 0/0
  1330 | D:1      | Learned a level 1 spell: Corona
  1430 | D:1      | Reached skill level 3 in Spellcasting
  2659 | D:2      | Reached XP level 4. HP: 8/27 MP: 0/0
  2874 | D:2      | Found Zesch's Magic Scroll Emporium.
  3098 | D:2      | Reached ** piety under Hepliaklqana
  3101 | D:2      | Remembered your ancestor Titus as a battlemage
  3650 | D:3      | Found Gozag's Platinum Reserve.
  3657 | D:3      | Found an opulent altar of Gozag.
  3856 | D:3      | Reached skill level 1 in Fighting
  3856 | D:3      | Reached XP level 5. HP: 33/33 MP: 0/0
  3856 | D:3      | Learned a level 2 spell: Corpse Rot
  4287 | D:4      | Noticed an orc warrior
  4323 | D:4      | HP: 1/33 [wight (18)]
  4323 | D:4      | Mangled by a wight

Illustrated notes

Levels and vault maps discovered:
D:1:      minmay_arrival_four_houses, layout_basic, basic_ecumenical_altar
D:2:      layout_basic, serial_shops, nicolae_shop_waterfront, basic_altar,
          kennysheep_generic_room_6
D:3:      layout_basic, kiku_gazebo_pond_becter,
          nicolae_gozag_zags_fifth_avenue, minmay_misc_feat_plants
D:4:      layout_basic, kennysheep_little_box, uniq_edmund

Skill      XL: |  1  2  3  4 |
---------------+-------------+-----
Spellcasting   | 3 |  3.4
Fighting       | 1 |  1.2
Short Blades   | |  0.8
Long Blades    | |  0.1
Dodging        | |  2.9
Stealth        | |  1.9

Action                   |  1- 3 |  4- 6 || total
-------------------------+-------+-------++-------
Melee: Short sword       |    20 |       ||    20
       Long sword        |    12 |     2 ||    14
       Dagger            |       |    25 ||    25
 Cast: Foxfire           |    67 |    13 ||    80
       Corpse Rot        |       |     1 ||     1
Invok: Ancestor Life: Ba |       |     1 ||     1
  Use: Scroll            |       |     2 ||     2
 Stab: Sleeping          |     2 |     4 ||     6
Armor: Robe              |    19 |     5 ||    24
Dodge: Dodged            |    47 |    29 ||    76
       Rpst.: Long sword |     6 |     2 ||     8

Table legend: (Time is in decaauts)
 A = Elapsed time spent in this place.
 B = Non-inter-level travel time spent in this place.
 C = Inter-level travel time spent in this place.
 D = Time resting spent in this place.
 E = Time spent auto-exploring this place.
 F = Levels seen in this place.
 G = Mean time per level.
                   A        B        C        D        E       F      G
               +--------+--------+--------+--------+--------+-----+--------+
         Total |   4327 |   4206 |    121 |    719 |   2998 |   4 | 1081.8 |
       Dungeon |   4327 |   4206 |    121 |    719 |   2998 |   4 | 1081.8 |
               +--------+--------+--------+--------+--------+-----+--------+

Top non-repeatable levels by time:
     D:1: 2309 daAuts
     D:2: 1136 daAuts
     D:3: 518 daAuts
     D:4: 363 daAuts
